 Dungeon Crawl Stone Soup version 0.26.1-2-gb8aa6d0cf2 (webtiles) character file.

Game seed: 11260937554067233545

119 skwiii the Stinger (level 4, -2/30 HPs)
             Began as a Demonspawn Venom Mage on Mar 2, 2021.
             Killed from afar by Natasha (7 damage)
             ... with a magic dart
             ... on level 2 of the Dungeon.
             The game lasted 00:05:15 (2658 turns).

skwiii the Stinger (Demonspawn Venom Mage)          Turns: 2658, Time: 00:05:16

Health: -2/30      AC:  3    Str:  9    XL:     4   Next: 74%
Magic:  0/8        EV: 13    Int: 17    God:
Gold:   97         SH:  0    Dex: 13    Spells: 2/8 levels left

rFire    . . .     SeeInvis .   (no weapon)
rCold    . . .     Faith    .   (no shield)
rNeg     . . .     Spirit   +   a - +0 robe
rPois    .         Reflect  .   (no helmet)
rElec    .         Harm     .   (no cloak)
rCorr    .         Rampage  .   (no gloves)
Will     .....                  (no boots)
Stlth    ++........             (no amulet)
HPRegen  0.10/turn              (no ring)
MPRegen  0.11/turn              (no ring)

@: slowed, very slow
A: magic shield, sharp scales 1
a: no special abilities


You were on level 2 of the Dungeon.
You visited 1 branch of the dungeon, and saw 2 of its levels.

You collected 97 gold pieces.

Inventory:

Hand Weapons
 e - a +2 hand axe of freezing
 g - a +0 short sword
Armour
 a - a +0 robe (worn)
 j - a +0 ring mail
Jewellery
 f - an uncursed amulet of faith {unknown}
 i - an uncursed ring of willpower {unknown}
 m - an uncursed amulet of guardian spirit {unknown}
Scrolls
 b - a scroll of remove curse {unknown}
 k - a scroll of enchant weapon {unknown}
 l - 3 scrolls of amnesia {unknown}
 n - a scroll of identify {unknown}
 q - a scroll of enchant armour {unknown}
 r - a scroll of teleportation {unknown}
Potions
 c - a potion of brilliance {unknown}
 d - a potion of flight {unknown}
 h - a potion of invisibility {unknown}
 o - 2 potions of degeneration {unknown}
 p - a potion of cancellation {unknown}


   Skills:
 + Level 2.5 Dodging
 - Level 2.4 Stealth
 + Level 2.6 Spellcasting
 + Level 0.6 Conjurations
 - Level 1.7 Transmutations
 + Level 0.5 Air Magic
 + Level 3.6 Poison Magic


You had 2 spell levels left.
You knew the following spells:

 Your Spells              Type           Power        Failure   Level
a - Sting                 Tmut/Pois      44%          6%          1
b - Poisonous Vapours     Pois/Air       18%          12%         2
c - Mephitic Cloud        Conj/Pois/Air  7%           28%         3

Your spell library contained the following spells:

 Spells                   Type           Power        Failure   Level
 Ignite Poison            Fire/Tmut/Pois 8%           26%         3
 Olgreb's Toxic Radiance  Pois           14%          38%         4


Dungeon Overview and Level Annotations

Branches:
Dungeon (2/15)

Altars:

Annotations:
D:2 Natasha


Innate Abilities, Weirdness & Mutations

When hurt, damage is shared between your health and your magic reserves.
You are partially covered in razor-sharp scales. (AC +1, Slay +1)


Message History

Press: ? - help, Dir - move target, f/p - Natasha
Aim: Natasha (lightly wounded, poisoned) Poisonous vapours surround Natasha!
Natasha is engulfed in poison gas.
Natasha looks even sicker.
Unknown command.
Natasha stares at you and mumbles some strange words.
You feel yourself slow down.
Aiming: Sting (safe; 6% risk of failure)
Press: ? - help, Q - select action, (/) - cycle Shift-Dir - straight line, f/p - Natasha
Aim: Natasha (severely wounded, very poisoned, 36% to evade)
The sting hits Natasha.
Natasha looks even sicker.
Natasha is almost dead.
Natasha stares at you and mumbles some strange words.
The magic dart hits you.
* * * LOW HITPOINT WARNING * * *
Natasha claws you.
* * * LOW HITPOINT WARNING * * *
Natasha casts a spell at you. The magic dart hits you!
You die...

.....
......#################
.................>#...#
########............♣.♣
##...#####..#♣.♣ .#
..............#♣.♣
.......P........#..#♣.♣
#...#..♣P...###.##.#♣.♣###
.......♣..P.....@...♣.♣..#
.......♣♣...#.#.##h##....#
.....PP .PP...#.##.#####.#
...♣.♣♣♣♣.PP.....#.# #.#
#.).P♣.♣......#..... #.#
....P...♣...#.##.##.# #.#
#......♣P..##.... .# #.#
..#.....P.###..#########.#
###..#P.P.##.............#


You could see Natasha (very poisoned).

Vanquished Creatures
  Natasha (twice) (D:2)
  A gnoll (D:1)
  An adder (D:2)
  An ooze (D:1)
  4 dart slugs
  A leopard gecko (D:1)
  A ball python (D:1)
  4 bats
  3 giant cockroaches
  3 goblins
  2 hobgoblins (D:1)
  4 jackals (D:2)
  A quokka (D:2)
  2 frilled lizards
  6 kobolds
  3 rats
39 creatures vanquished.

Vanquished Creatures (others)
  10 plants (D:2)
10 creatures vanquished.

Grand Total: 49 creatures vanquished

Notes
Turn   | Place    | Note
-------+----------+-------------------------------------------
     0 | D:1      | skwiii the Demonspawn Venom Mage began the quest for the
                  | Orb.
     0 | D:1      | Reached XP level 1. HP: 13/13 MP: 3/3
   135 | D:1      | Reached skill level 1 in Transmutations
   385 | D:1      | Gained mutation: When hurt, damage is shared between your
                  | health and your magic reserves. [demonic ancestry]
   385 | D:1      | Reached XP level 2. HP: 16/19 MP: 0/5
   445 | D:1      | Learned a level 2 spell: Poisonous Vapours
  1415 | D:1      | Gained mutation: You are partially covered in razor-sharp
                  | scales. (AC +1, Slay +1) [demonic ancestry]
  1415 | D:1      | Reached XP level 3. HP: 24/24 MP: 0/6
  2352 | D:2      | Reached XP level 4. HP: 30/30 MP: 4/7
  2513 | D:2      | Learned a level 3 spell: Mephitic Cloud
  2573 | D:2      | Noticed Natasha
  2586 | D:2      | Killed Natasha
  2599 | D:2      | Noticed Natasha
  2611 | D:2      | Killed Natasha
  2651 | D:2      | Noticed Natasha
  2658 | D:2      | Killed from afar by Natasha

Illustrated notes

Levels and vault maps discovered:
D:1:      minmay_arrival_jagged, layout_rooms, minmay_split_cup_large
D:2:      layout_basic, serial_forest, infiniplex_forest_lined_4_way,
          infiniplex_forest_straight_4, infiniplex_forest_straight_2,
          infiniplex_forest_lined_room_2, infiniplex_forest_lined_3,
          infiniplex_forest_clump_cross, infiniplex_forest_end_double,
          hangedman_abyss_or_decor_stabs, uniq_terence, uniq_natasha

Skill      XL: |  1 |
---------------+----+-----
Transmutations | 1 |  1.7
Dodging        | 2 |  2.5
Stealth        | 2 |  2.4
Spellcasting   | |  2.6
Conjurations   | |  0.6
Air Magic      | |  0.5
Poison Magic   | |  3.6

Action                   |  1- 3 |  4- 6 || total
-------------------------+-------+-------++-------
Melee: Unarmed           |     1 |       ||     1
 Cast: Sting             |    40 |     7 ||    47
       Poisonous Vapours |    20 |     4 ||    24
Armor: Robe              |    22 |     1 ||    23
Dodge: Dodged            |    44 |     1 ||    45
